 Dungeon Crawl Stone Soup version 0.30-a0-222-ge547ba4400 (webtiles) character file.

Game seed: 13866131644113067790

65 Aibolit the Trooper (level 4, -3/40 HPs)
             Began as a Hill Orc Fighter on Oct 8, 2022.
             Killed by divine providence
             ... invoked by an orc priest
              (11 damage)
             ... on level 3 of the Dungeon.
             The game lasted 00:01:41 (1915 turns).

Aibolit the Trooper (Hill Orc Fighter)              Turns: 1915, Time: 00:01:41

Health: -3/40      AC:  7    Str: 20    XL:     4   Next: 13%
Magic:  4/4        EV:  9    Int:  8    God:
Gold:   94         SH:  4    Dex: 10    Spells: 3/3 levels left

rFire   . . .      SeeInvis .    a - +0 war axe
rCold   . . .      Faith    .    c - +0 buckler
rNeg    . . .      Spirit   .    b - +0 scale mail
rPois   .          Reflect  .    (no helmet)
rElec   .          Harm     .    (no cloak)
rCorr   .          Rampage  .    (no gloves)
Will    .....                    (no boots)
Stlth   ..........               (no amulet)
HPRegen 0.26/turn                (no ring)
MPRegen 0.09/turn                (no ring)

@: lethally poisoned (-3 -> -5)
A: no striking features
a: Convert to Beogh


You were on level 3 of the Dungeon.
You visited 1 branch of the dungeon, and saw 3 of its levels.

You collected 94 gold pieces.

Inventory:

Hand Weapons
 a - a +0 war axe (weapon)
Armour
 b - a +0 scale mail (worn)
 c - a +0 buckler (worn)
Scrolls
 j - 2 scrolls of identify {unknown}
 k - a scroll of magic mapping {unknown}
 l - a scroll of noise {unknown}
 m - 2 scrolls of teleportation {unknown}
 o - a scroll of butterflies {unknown}
 p - a scroll of poison {unknown}
 q - a scroll of vulnerability {unknown}
Potions
 d - a potion of might
 e - 5 potions of lignification {unknown}
 f - 3 potions of degeneration {unknown}
 g - a potion of brilliance {unknown}
 h - a potion of attraction {unknown}
 i - a potion of flight {unknown}
 n - 2 potions of curing {unknown}


   Skills:
 + Level 4.3 Fighting
 + Level 3.9 Axes
 + Level 3.7 Armour
 + Level 0.2 Dodging
 + Level 3.7 Shields


You had 3 spell levels left.
You didn't know any spells.
Your spell library contained the following spells:

 Spells                   Type           Power      Damage    Failure   Level
 Shock                    Conj/Air       0%         1d3       85%         1
 Swiftness                Air            0%         N/A       99%         3
 Airstrike                Air            0%         2d(0-16)  100%        4


Dungeon Overview and Level Annotations

Branches:
Dungeon (3/15)

Altars:

Shops:
D:1 *

Annotations:
D:3 Grinder


Message History

The orc hits you but does no damage.
The orc priest shouts, "Join the one true god or die!"
You slash the orc!
You kill the orc!
You closely miss the adder. You hit the orc. The adder barely misses you.
The orc barely misses you. The adder closely misses you.
You hit the orc.
The orc is heavily wounded.
You closely miss the adder. You barely miss the orc priest.
The orc hits you with a +0 dagger.
The orc priest shouts, "Join the one true god or die!"
The orc priest hits you but does no damage.
The adder bites you but does no damage. The orc priest hits you with a +0 whip.
The orc hits you but does no damage.
You closely miss the adder. You slash the orc priest! You closely miss the orc.
The orc priest threatens, "By the altar or by the axe, you will meet Beogh!"
The adder bites you but does no damage. The adder bites you.
You are poisoned.
The adder poisons you! The orc priest closely misses you.
The orc hits you but does no damage.
You hit the adder.
The adder is heavily wounded.
You closely miss the orc priest.
The orc priest shouts, "Surrender to Beogh and we'll let you live!"
You barely miss the orc.
You feel sick. The adder barely misses you.
The orc priest mumbles some strange prayers to Beogh against you.
Beogh smites you!
* * * LOW HITPOINT WARNING * * *
You block the orc's attack. You block the adder's attack.
You hit the adder but do no damage.
The adder is heavily wounded.
The orc priest shouts, "Beogh is our master!
Accept the truth or die!"
You hit the orc.
You kill the orc!
You barely miss the orc priest.
You feel sick.
The orc priest shouts, "Join the one true god or die!"
You block the adder's attack.
The orc priest calls down the wrath of Beogh upon you.
Beogh smites you!
You die...

#...... .... #...... ....
.......#.$. ...........
.........#.#
..........#.#
........o)#.#
#.......S@$.#
#......###..#
########......# #..#
.......#......###).#
.........# #.....#
.....#.#.# #.#...####.
.....#.#######^#........#
.#...............#.######
.#.###.#.........#.#


You could see an orc priest and an adder.

Vanquished Creatures
  2 adders (D:2)
  3 dart slugs
  2 orcs (D:3)
  4 ball pythons
  An endoplasm (D:1)
  3 giant cockroaches
  2 goblins
  6 hobgoblins
  4 kobolds
  3 quokkas (D:1)
  3 bats
  2 frilled lizards
  A rat (D:2)
36 creatures vanquished.

Vanquished Creatures (others)
  A plant (D:1)
1 creature vanquished.

Grand Total: 37 creatures vanquished

Notes
Turn   | Place    | Note
-------+----------+-------------------------------------------
     0 | D:1      | Aibolit the Hill Orc Fighter began the quest for the Orb.
     0 | D:1      | Reached XP level 1. HP: 19/19 MP: 1/1
    92 | D:1      | Reached XP level 2. HP: 21/27 MP: 2/2
   126 | D:1      | Reached skill level 4 in Fighting
   523 | D:1      | Found Micuczor's General Store.
   806 | D:1      | Reached XP level 3. HP: 33/33 MP: 3/3
  1558 | D:2      | Reached XP level 4. HP: 24/40 MP: 4/4
  1806 | D:3      | Noticed Grinder
  1915 | D:3      | Killed from afar by an orc priest

Illustrated notes

Levels and vault maps discovered:
D:1:      saegor_arrival_under_anarchy, layout_basic, serial_forest,
          infiniplex_forest_straight_4, infiniplex_forest_clump_double,
          infiniplex_forest_zigzag_1, infiniplex_forest_end_1,
          infiniplex_forest_corner_2, infiniplex_forest_clump_long,
          infiniplex_forest_clump_large, infiniplex_forest_end_double,
          infiniplex_forest_straight_2, serial_shops,
          nicolae_shop_competitors_out_of_business, minmay_misc_feat_rows
D:2:      layout_loops_ring, minmay_tetromino_o2
D:3:      layout_basic, uniq_jessica, uniq_crazy_yiuf_cottage, uniq_sigmund,
          uniq_grinder

Skill      XL: |  1  2 |
---------------+-------+-----
Fighting       | 4 |  4.3
Axes           | 3 |  3.9
Armour         | |  3.7
Dodging        | |  0.2
Shields        | |  3.7

Action                   |  1- 3 |  4- 6 || total
-------------------------+-------+-------++-------
Melee: War axe           |   104 |    10 ||   114
  Use: Scroll            |     1 |       ||     1
Armor: Scale mail        |    44 |     9 ||    53
Dodge: Dodged            |    51 |     7 ||    58
Block: Buckler           |    31 |     4 ||    35

Table legend: (Time is in decaauts)
 A = Elapsed time spent in this place.
 B = Non-inter-level travel time spent in this place.
 C = Inter-level travel time spent in this place.
 D = Time resting spent in this place.
 E = Time spent auto-exploring this place.
 F = Levels seen in this place.
 G = Mean time per level.
                   A        B        C        D        E       F      G
               +--------+--------+--------+--------+--------+-----+--------+
         Total |   1960 |   1839 |    121 |      0 |   1558 |   3 |  653.3 |
       Dungeon |   1960 |   1839 |    121 |      0 |   1558 |   3 |  653.3 |
               +--------+--------+--------+--------+--------+-----+--------+

Top non-repeatable levels by time:
     D:1: 1082 daAuts
     D:2: 826 daAuts
     D:3: 51 daAuts
